AoeStats
← masterSplinter

Four Lakes

508175815Analyzed
1v1 RM · 12d ago on Sep 21, 2026· 29m 42s· 2 players
Game mode
Random Map
Map size
Tiny (2 player)
Population
200
Speed
Normal
Resources
Standard
Victory
Conquest
Starting age
Dark Age
Ending age
Imperial Age
RankedLock teamsTeams togetherTeam positionsShared explorationLock speedFull tech treeHidden civsTurbo modeCheats
Victory
Defeat
🇨🇳 Mongols · China
913
+17
🇮🇱 Britons · Israel
925
-17
53280025
3:08 Loom
10:32 Feudal Age
11:09 Horse Collar
20:47 Fletching
24:22 Castle Age
23:02 Padded Archer Armor
23:05 Double-Bit Axe
24:48 Town Watch
24:51 Crossbowman
25:34 Stone Mining
26:39 Bow Saw
28:21 Bodkin Arrow
29:04 Heavy Plow
masterSplinter
0:35 Loom
9:19 Feudal Age
9:56 Double-Bit Axe
18:18 Castle Age
16:53 Fletching
20:14 Bow Saw
23:04 Bodkin Arrow
24:45 Padded Archer Armor
26:07 Wheelbarrow
29:11 Husbandry
29:07 Gold Mining
Connection lost

Rejoining the realm…

Still unreachable

The connection could not be restored.

Session expired

The server has moved on; the page needs a fresh start.